← All builds
Geo / Cortex / Economy first / OBSERVED BUILD

Incisor raid

Geo detours through a Vehicle Plant to send Incisors raiding from under 7 minutes, well before the role's usual T2 push, before transitioning back into normal T2 supply.

#raid #rush · 19 distinct matches · 10 players · 5% of Cortex Geo games · team won 42% of 19 · Recently observed

THE CATCH, AND WHAT COMES WITH IT
  • IncisorT1 vehicle raid from 6:48 · 9% of role by thenFrom the Vehicle Plant. Only 9% of Geo games have it by then; others who build it get it around 7:17
  • IncisorIncisor in 68%6% of all Geo games by then
  • PrudePrude in 47%15% of all Geo games by then

Started with Incisor (89%), Blitz (5%), Rascal (5%).

Where those units first fight, in 19 games with kill data: in the middle 53%, on their own side 42%, in the enemy base 5%.

Those units destroy a typical 3,699 metal of enemy units by 15:00.

HOW TO PLAY IT

Key timing: Vehicle Plant by 6:39, Incisor raid from 6:48

  1. Open bot lab and standard mex/wind as normal for Geo.
  2. Rush geo early to fund the vehicle transition.
  3. Build a vehicle plant instead of going straight to T2.
  4. Push Incisor raiders into the enemy economy before T2 units.
  5. Fold back into Sheldon and Sumo T2 units for front.

Phase by phase

TYPICAL OF ITS 19 GAMES · AGAINST STANDARD GEO
  1. 1
  2. 2
  3. 3
  4. 4
PLAY THE OPENING

Follow the example game's first 7:48 step by step: what to build now, what comes next, and where it goes. At 1× it keeps pace with your own game.

  1. 1

    Up to the Bot Lab

    Economy
    • Metal Extractor3Mex
    • Wind Turbine4Wind+2 vs standard
    Order
    1. Bot LabBot Lab after 3 mex, 4 winddone ~1:06, middle half 0:57–1:27

    By 0:49 in all: 3 mex · 4 wind (standard 2)

    The example game in this phase · 7 steps
    1. Mex ×2
    2. Wind
    3. GuardGuard
    4. Mex
    5. Wind ×4
    6. Energy storage
    7. Bot LabBot Labdone 1:52 · typical 1:06
  2. 2

    Bot Lab to 5:00

    Economy
    • Metal Extractor2Mex
    • Wind Turbine3Wind−2 vs standard
    • Energy Converter8Converter
    • Energy Storage1Energy storage
    Order
    1. Geothermal PowerplantGeo after 4 mex, 6 wind, 1 energy storage
    Builders
    • Construction Turret5 Con turret
    • Graverobber4 Graverobber
    • Construction Bot2 Con bot
    • Construction Bot1 Con bot for allies
    • Graverobber1 Graverobber for allies

    By 5:00 in all: 4 mex · 6 wind · 1 geo · 8 converter · 1 energy storage · 5 con turret

    The example game in this phase · 16 steps
    1. Construction BotCon bot
    2. GraverobberGraverobber ×3
    3. Mex
    4. Construction BotCon bot
    5. GraverobberGraverobber ×2
    6. Con turret
    7. GraverobberGraverobberfor Beach sea
    8. Construction BotCon bot
    9. Con turret
    10. Geothermal PowerplantGeodone 4:20 · typical 3:20
    11. Con turret
    12. Converter
    13. Con turret
    14. Converter ×3
    15. Con turret
    16. Converter
  3. 3

    5:00 to T1 vehicle raid

    Order
    1. Vehicle PlantVehicle Plant after 10 wind, 11 converter, 7 con turretin 79% of games
    2. IncisorT1 vehicle raid after 9 wind, 9 converter, 6 con turret

    Some games also: converter (42%) · con turret (42%) · wind (37%)

    The standard build makes here, this one skips: 2 converter

    By 6:42 in all: 4 mex · 9 wind · 1 geo · 9 converter (standard 12) · 1 energy storage · 6 con turret

    The example game in this phase · 29 steps
    1. Converter ×2
    2. Con turret
    3. Converter ×2
    4. Con turret
    5. Converter ×2
    6. Radar TowerRadar Tower
    7. Converter ×4
    8. Advanced Metal ExtractorT2 mex ×2done 5:50 · typical 5:48
    9. Wind
    10. GuardGuard
    11. Converter ×3
    12. GuardGuard
    13. Wind
    14. Advanced Metal ExtractorT2 mex
    15. Wind ×3
    16. Advanced Metal ExtractorT2 mex
    17. Wind ×2
    18. Converter
    19. PrudePrudedone 7:36
    20. GuardGuard
    21. Wind
    22. Converter
    23. Wind
    24. GuardGuard
    25. Wind
    26. Converter ×2
    27. Vehicle PlantVehicle Plant ×2done 7:46 · typical 6:42
    28. Con turret ×3
    29. IncisorIncisordone 8:03
  4. 4

    T1 vehicle raid to 10:00

    Builders
    • Construction Turret1 Con turret
    Army
    • Incisor21 Incisor +21 vs standard

    Some games also: converter (47%) · wind (42%) · incisor for allies (32%) · con vehicle (32%)

    The standard build makes here, this one skips: 4 converter

    By 10:00 in all: 4 mex · 12 wind · 1 geo · 14 converter · 1 energy storage · 7 con turret

    The example game in this phase · 130 steps
    1. IncisorIncisor
    2. Wind
    3. IncisorIncisor ×2
    4. Converter
    5. IncisorIncisor ×3
    6. Twin GuardTwin Guard
    7. IncisorIncisor ×3
    8. Wind
    9. IncisorIncisor
    10. Wind
    11. IncisorIncisor ×4
    12. Wind
    13. Converter
    14. IncisorIncisor ×3
    15. Wind
    16. IncisorIncisor ×3
    17. Wind
    18. IncisorIncisor ×6
    19. Converter
    20. IncisorIncisor
    21. Wind
    22. IncisorIncisor
    23. Wind
    24. IncisorIncisor ×2
    25. Converter
    26. IncisorIncisor
    27. IncisorIncisor ×3for Front
    28. Wind
    29. Converter
    30. IncisorIncisor ×2for Front
    31. Wind
    32. IncisorIncisor ×2for Front
    33. IncisorIncisor ×6
    34. Twin GuardTwin Guard
    35. IncisorIncisor
    36. Wind
    37. IncisorIncisor ×3
    38. Converter
    39. IncisorIncisor ×5
    40. Wind
    41. IncisorIncisor ×8
    42. Converter
    43. Wind
    44. IncisorIncisor ×3
    45. Wind
    46. IncisorIncisor ×4
    47. Wind
    48. IncisorIncisor ×2
    49. Wind ×2
    50. IncisorIncisor ×3
    51. Wind
    52. Converter
    53. IncisorIncisor
    54. Wind ×2
    55. IncisorIncisor
    56. Wind
    57. IncisorIncisor ×2
    58. Wind
    59. IncisorIncisor ×3
    60. Wind
    61. IncisorIncisor
    62. Wind
    63. IncisorIncisor ×3
    64. Wind
    65. IncisorIncisor ×2
    66. Converter
    67. IncisorIncisor ×2
    68. Wind ×2
    69. IncisorIncisor ×8
    70. Wind
    71. IncisorIncisor
    72. Wind
    73. IncisorIncisor ×2
    74. Converter
    75. IncisorIncisor ×5
    76. Wind ×2
    77. IncisorIncisor ×2
    78. Wind
    79. IncisorIncisor ×4
    80. Wind ×2
    81. IncisorIncisor ×2
    82. Wind
    83. Converter
    84. IncisorIncisor ×3
    85. Wind
    86. IncisorIncisor ×2
    87. Wind
    88. IncisorIncisor ×3
    89. Wind
    90. IncisorIncisor
    91. Wind
    92. IncisorIncisor ×6
    93. Wind
    94. IncisorIncisor ×3
    95. Converter
    96. Wind
    97. IncisorIncisor ×2
    98. Wind
    99. IncisorIncisor ×4
    100. Wind
    101. IncisorIncisor ×5
    102. Wind
    103. IncisorIncisor ×3
    104. Wind
    105. IncisorIncisor
    106. Wind
    107. IncisorIncisor ×3
    108. Wind
    109. IncisorIncisor ×5
    110. Wind
    111. Con turret
    112. IncisorIncisor ×2
    113. Wind
    114. IncisorIncisor ×2
    115. Wind
    116. IncisorIncisor
    117. Wind
    118. IncisorIncisor ×2
    119. Wind
    120. IncisorIncisor ×3
    121. Wind
    122. IncisorIncisor ×6
    123. Wind
    124. IncisorIncisor ×3
    125. Wind
    126. IncisorIncisor
    127. Wind
    128. IncisorIncisor ×3
    129. Wind
    130. IncisorIncisor

Counts are medians over the build's games: half of them build more, half fewer. The example game is Viltrum's (39 OS, 07/09/2026); pick another.

Team trades

IN AT LEAST 30% OF ITS GAMES

You hand over

  • Graverobber1 Graverobber to Beach sea or Suicide frontfirst at 2:13 · in 95% of games
  • Construction Bot1 Con bot to Beach seafirst at 2:50 · in 79% of games
  • Incisor13 Incisor to Pond or Suicide front or Frontfirst at 8:32 · in 37% of games
  • Construction Turret2 Con turret to Suicide front or Beach sea or Geo seafirst at 10:01 · in 32% of games

You get

  • Advanced Construction Bot1 T2 con bot from Techfirst at 4:45 · in 100% of games
  • Hercules1 Light transport from Air or Techfirst at 5:09 · in 42% of games

How it plays out

Typical game of this build against the role’s standard build, running totals by minute

  • This build
  • Standard geo

Metal produced

020k40k
0:005:0010:0015:00

metal

Enemy metal destroyed

05k10k
0:005:0010:0015:00

metal

Own metal lost

05k10k
0:005:0010:0015:00

metal

19 games.

Show as table
ByMetal produced: This buildMetal produced: Standard geoEnemy metal destroyed: This buildEnemy metal destroyed: Standard geoOwn metal lost: This buildOwn metal lost: Standard geo
1:003333350000
2:008288590000
3:00146214970000
4:00247426620000
5:00360237560000
6:00556256740000
7:0076297986001300
8:00105201103426003600
9:00141361408012653191074
10:00167931692225303342290258
11:001964419769309112553386720
12:0022707226484379249942041538
13:0025543255126757431643252629
14:0028976284978559600358354360
15:0032509317479541826484566299
WHAT THE NUMBERS SAY

Lost more often than the standard build, destroying more but also losing far more metal by 15:00.

  • + Destroys more enemy metal by 10:00 and 15:00 than standard.
  • + Catch units alone chew through a typical 3644 metal by 15:00.
  • − Own metal lost more than triples the standard build by 10:00.
  • − Team win rate drops well below the role's standard.
THE EXAMPLE YOU ARE READING

Viltrum

39.0 OS · 07/09/2026

Open source match ↗

2 received units · includes a constructor
1985 metal received · 139176 energy received

Allied construction assistance is unknown. Timings are observations, not a promise of solo reproducibility.

Typical milestones

Bot Lab1:06Middle 50%: 0:57–1:27 · n=19
Geothermal Powerplant3:20Middle 50%: 3:11–3:58 · n=19
Advanced Metal Extractor5:48Middle 50%: 5:30–6:10 · n=19
Vehicle Plant6:42Middle 50%: 5:57–7:17 · n=18

Played most by

Amrissa4games of this buildUsurpeR4games of this buildzeus_on_god3games of this buildViltrum2games of this builddarkstar231game of this build